Map: Proxima Station LE

Players

HeroMarine

  • Race: Terran Terran
  • Spawn Location: 1:00

llllllllllll (Zest) - Winner!

  • Race: Protoss Protoss
  • League: Master
  • Spawn Location: 7:00

Event: HomeStory Cup XV

VOD

Have the link to the VOD?

Description

Time

  • Played on: July 22, 2017, 11:14 a.m.
  • Length: 12:55

All games in this series

Show
View Real Time Build Order
Export as new Build Order

HeroMarine Terran 

Build Orders: Command Center First (CC), MMM Bio 

Get SALT Encoding   

  12  0:00  SCV  
  13  0:12  SCV  
  14  0:17  Supply Depot  
  14  0:25  SCV  
  15  0:39  SCV  
  16  0:51  SCV  
  17  1:00  Command Center  
  17  1:03  SCV  
  18  1:15  Barracks  
  18  1:19  SCV  
  19  1:31  Barracks  
  19  1:34  SCV  
  20  1:46  SCV  
  21  1:49  Barracks  
  21  2:02  Marine  
  21  2:04  Orbital Command  
  22  2:21  Orbital Command, Marine  
  22  2:22  Marine  
  24  2:30  SCV  
  25  2:37  Marine  
  25  2:39  Marine  
  25  2:40  Marine  
  25  2:43  SCV  
  29  2:46  SCV  
  29  2:47  Refinery  
  29  2:48  Refinery  
  29  2:49  Supply Depot  
  30  2:55  Marine  
  30  2:57  Marine, SCV  
  30  2:58  Marine, SCV  
  35  3:09  SCV  
  35  3:10  SCV  
  37  3:13  Marine  
  37  3:14  Marine  
  37  3:16  Marine  
  40  3:20  Supply Depot  
  40  3:21  SCV  
  40  3:23  SCV  
  42  3:31  Barracks Tech Lab  
  42  3:32  Marine  
  42  3:33  SCV  
  42  3:34  Marine  
  45  3:35  SCV  
  46  3:45  SCV  
  46  3:47  SCV, Supply Depot  
  48  3:51  Stimpack  
  48  3:53  Marine  
  48  3:54  Marine x2  
  51  3:56  Supply Depot  
  51  3:57  SCV  
  51  3:59  SCV  
  51  4:02  Factory  
  49  4:03  Engineering Bay  
  49  4:09  SCV  
  50  4:11  SCV  
  50  4:12  Marine x3  
  53  4:21  SCV  
  53  4:22  Refinery  
  53  4:23  SCV  
  55  4:31  Marine, Missile Turret, Terran Infantry Weapons Level 1  
  55  4:32  Marine x2  
  55  4:34  SCV  
  55  4:35  SCV  
  55  4:37  Supply Depot  
  60  4:46  SCV  
  60  4:47  SCV, Starport, Factory Reactor  
  60  4:52  Supply Depot  
  63  4:57  Marauder  
  63  4:59  Barracks Reactor, SCV x2  
  67  5:01  Barracks Reactor  
  67  5:03  Missile Turret  
  66  5:11  SCV x2  
  68  5:18  Supply Depot  
  68  5:19  Marauder  
  70  5:23  SCV x2  
  70  5:27  Supply Depot  
  72  5:30  Factory Reactor  
  72  5:35  Marine x2  
  72  5:36  Refinery, Medivac x2  
  72  5:38  Marine x2  
  72  5:40  Marauder  
  82  5:45  Supply Depot  
  82  5:50  SCV x2  
  82  5:53  Combat Shields  
  82  5:54  Marine x2  
  82  5:56  Marine x2  
  88  6:02  Marauder  
  90  6:08  Supply Depot x2  
  90  6:12  Marine x2, Medivac  
  90  6:14  Marine x2  
  90  6:15  Medivac  
  98  6:19  Widow Mine  
  98  6:20  Widow Mine  
  98  6:23  SCV x2  
  104  6:28  Marauder  
  105  6:33  Marine  
  105  6:34  Marine  
  105  6:40  SCV x2  
  105  6:43  Command Center  
  105  6:46  Marine x2  
  109  6:49  Marauder  
  111  7:01  Barracks x2  
  111  7:05  SCV x2  
  111  7:06  Marine x3  
  111  7:07  Marine  
  117  7:11  Marauder  
  119  7:18  SCV x2  
  111  7:23  Marine  
  111  7:24  Marine x3  
  111  7:25  Medivac x2  
  119  7:30  SCV x2  
  119  7:32  Marauder  
  122  7:41  Marine  
  122  7:42  Marine  
  122  7:43  Marine  
  125  7:47  SCV  
  125  7:49  Barracks Tech Lab x2  
  113  7:53  Marauder  
  113  7:56  Widow Mine x2  
  119  8:00  SCV  
  119  8:01  SCV  
  119  8:03  Orbital Command  
  119  8:04  Terran Infantry Armor Level 1  
  121  8:08  Armory  
  121  8:09  Engineering Bay  
  121  8:10  Marauder x2  
  121  8:13  SCV x2  
  121  8:19  Starport  
  123  8:20  Missile Turret  
  123  8:22  Viking  
  123  8:23  Viking  
  127  8:28  Marauder  
  127  8:30  SCV x2  
  127  8:32  Marauder, SCV  
  134  8:37  Marine  
  134  8:38  Marauder, Marine  
  134  8:40  Concussive Shells  
  138  8:44  Refinery  
  138  8:46  Refinery, Supply Depot  
  138  8:49  Marauder  
  138  8:50  Supply Depot  
  138  8:51  Supply Depot  
  140  8:59  Viking x2, Terran Infantry Weapons Level 2  
  144  9:10  Sensor Tower  
  144  9:11  Viking x2  
  144  9:14  Marauder x3  
  154  9:26  Command Center  
  154  9:29  Viking  
  154  9:30  Viking  
  157  9:39  Marauder x2  
  157  9:40  Marauder  
  157  9:42  Ghost Academy  
  163  9:46  Viking  
  163  9:51  Terran Ship Weapons Level 1  
  163  9:53  Viking  
  165  10:00  Marine x3  
  172  10:12  Ghost  
  172  10:13  Ghost x2  
  172  10:19  Viking x2  
  172  10:20  Supply Depot x2  
  176  10:24  Supply Depot  
  176  10:29  Terran Infantry Armor Level 2  
  176  10:30  Liberator x2  
  166  10:42  Marauder x3, Marine x4  
  176  10:46  Liberator  
  176  10:47  Liberator  
  185  11:04  Ghost  
  188  11:13  Planetary Fortress  
  184  11:26  Marauder  
  184  11:27  Liberator x2, Marine x2  
  184  11:32  Marauder  
  138  11:40  Marauder, Marine x2  
  138  11:41  Liberator  
  138  11:45  Liberator, Marine x2  
  121  11:48  Marauder  
  121  11:52  Marine  
  100  11:58  Marine x2  
  100  11:59  Barracks  
  100  12:00  SCV x4, Barracks x2  
  102  12:01  Marine  
  102  12:03  Marine  
  102  12:05  Marine  
  108  12:09  Marauder  
  108  12:11  Marauder  
  108  12:12  Missile Turret  
  112  12:16  Marine x2  
  112  12:20  Marauder  
  116  12:23  Marine  
  116  12:24  Marine  
  115  12:30  Marauder  
  115  12:32  Marauder  
  115  12:34  Marine x2  
Show
View Real Time Build Order
Export as new Build Order

llllllllllll Protoss - Winner!

Build Orders: 1 Gate Expand, Oracle Opening, Colossus Rush 

Get SALT Encoding   

  12  0:00  Probe (Chrono Boost)  
  13  0:11  Probe (Chrono Boost)  
  14  0:17  Pylon  
  14  0:22  Probe (Chrono Boost)  
  15  0:35  Probe (Chrono Boost)  
  16  0:38  Gateway  
  16  0:46  Probe (Chrono Boost)  
  16  0:47  Assimilator  
  17  0:56  Probe (Chrono Boost)  
  18  1:07  Probe (Chrono Boost)  
  19  1:17  Probe (Chrono Boost)  
  20  1:25  Nexus  
  20  1:34  Cybernetics Core  
  20  1:38  Probe (Chrono Boost)  
  21  1:42  Assimilator  
  21  1:48  Probe (Chrono Boost)  
  21  1:52  Pylon  
  22  1:59  Probe (Chrono Boost)  
  23  2:10  Probe (Chrono Boost)  
  24  2:15  Stargate  
  24  2:20  Probe (Chrono Boost)  
  25  2:23  Warp Gate  
  25  2:27  Adept  
  27  2:31  Probe (Chrono Boost)  
  28  2:37  Probe (Chrono Boost)  
  28  2:41  Probe (Chrono Boost)  
  30  2:48  Probe (Chrono Boost)  
  31  2:52  Probe (Chrono Boost)  
  31  2:57  Probe (Chrono Boost)  
  32  2:59  Oracle (Chrono Boost)  
  32  3:03  Probe  
  37  3:07  Probe  
  38  3:15  Probe  
  38  3:18  Probe  
  40  3:20  Nexus  
  40  3:28  Mothership Core (Chrono Boost)  
  40  3:29  Pylon  
  40  3:32  Probe (Chrono Boost)  
  43  3:39  Robotics Facility  
  43  3:43  Probe (Chrono Boost)  
  43  3:46  Assimilator  
  43  3:47  Probe (Chrono Boost)  
  45  3:48  Assimilator  
  45  3:52  Pylon  
  45  3:54  Probe (Chrono Boost)  
  46  3:58  Probe (Chrono Boost)  
  47  4:04  Probe (Chrono Boost)  
  47  4:09  Probe (Chrono Boost)  
  49  4:11  Gateway  
  49  4:15  Probe (Chrono Boost)  
  50  4:18  Gateway  
  50  4:21  Probe (Chrono Boost)  
  51  4:24  Probe (Chrono Boost)  
  51  4:27  Observer (Chrono Boost), Robotics Bay  
  51  4:30  Probe, Sentry  
  55  4:31  Probe  
  55  4:34  Probe  
  58  4:41  Probe  
  58  4:42  Pylon  
  58  4:43  Probe  
  60  4:45  Probe  
  60  4:46  Pylon  
  60  4:49  Observer (Chrono Boost)  
  60  4:51  Probe  
  62  4:56  Probe x2, Sentry  
  67  5:02  Forge, Probe, Twilight Council  
  68  5:09  Colossus (Chrono Boost)  
  68  5:10  Probe  
  68  5:11  Probe  
  70  5:15  Probe  
  70  5:19  Assimilator  
  77  5:23  Probe x2, Assimilator  
  77  5:25  Pylon  
  79  5:29  Extended Thermal Lance (Chrono Boost)  
  79  5:32  Probe  
  79  5:35  Probe  
  81  5:42  Gateway x2  
  81  5:44  Gateway  
  81  5:46  Pylon  
  81  5:50  Protoss Ground Armor Level 1, Blink (Chrono Boost)  
  81  5:52  Probe x2  
  81  5:53  Probe  
  84  5:57  Colossus  
  84  5:59  Pylon  
  84  6:09  Sentry  
  84  6:11  Zealot x2  
  96  6:28  Gateway  
  96  6:30  Gateway  
  96  6:38  Stalker x3  
  96  6:39  Stalker  
  102  6:42  Pylon  
  102  6:48  Forge  
  102  6:50  Gateway  
  102  6:55  Stalker x2  
  102  6:56  Gateway  
  102  6:57  Colossus  
  102  6:59  Pylon  
  106  7:08  Probe x2  
  114  7:23  Stalker x5  
  114  7:24  Stalker  
  114  7:25  Protoss Ground Weapons Level 1 (Chrono Boost)  
  125  7:31  Pylon  
  125  7:32  Pylon  
  125  7:34  Pylon  
  125  7:35  Pylon  
  125  7:37  Pylon  
  116  7:49  Probe x3  
  116  7:50  Charge (Chrono Boost)  
  113  7:55  Warp Prism  
  113  7:57  Protoss Ground Armor Level 2 (Chrono Boost)  
  113  8:01  Probe x3  
  118  8:13  Probe x3  
  121  8:20  Pylon  
  121  8:22  Pylon, Templar Archives  
  121  8:24  Photon Cannon  
  121  8:25  Probe x2  
  123  8:28  Pylon  
  123  8:30  Sentry  
  123  8:33  Observer  
  126  8:39  Zealot, Stalker x4  
  126  8:40  Zealot x4  
  144  8:44  Pylon  
  144  8:47  Pylon  
  144  8:51  Nexus  
  144  8:54  Psionic Storm  
  144  9:02  Immortal  
  148  9:06  High Templar x3  
  148  9:07  High Templar  
  148  9:09  High Templar  
  158  9:10  High Templar  
  160  9:20  Zealot x3  
  160  9:21  Zealot  
  160  9:24  Pylon  
  168  9:34  Protoss Ground Weapons Level 2 (Chrono Boost)  
  168  9:53  Stargate  
  166  10:05  Protoss Shields Level 1 (Chrono Boost)  
  160  10:09  High Templar x2  
  160  10:11  High Templar  
  162  10:14  Probe x3  
  162  10:15  Probe  
  162  10:16  Assimilator  
  162  10:19  Gateway, Immortal  
  162  10:20  Gateway  
  162  10:21  High Templar  
  168  10:22  Assimilator  
  168  10:23  Gateway  
  168  10:24  Gateway  
  172  10:43  Archon  
  172  10:46  High Templar x2  
  174  10:50  Zealot x7  
  188  10:59  Photon Cannon  
  188  11:00  Photon Cannon  
  188  11:04  Photon Cannon  
  188  11:05  Warp Prism  
  188  11:06  Photon Cannon  
  190  11:11  Zealot x5  
  176  11:44  Colossus, Archon  
  154  11:47  Zealot x12  
  170  12:05  Stargate  
  170  12:06  Fleet Beacon  
  170  12:07  High Templar x4  
  170  12:08  Zealot, Sentry x2  
  180  12:09  Zealot x4  
  180  12:12  Archon x2  
  192  12:34  Archon  
  192  12:36  Stalker x4  
  192  12:37  Stalker  
Tags
 
Add a new tag
Caveats
  • Supply blocks, unpowered buildings, or Contaminate may cause inaccurate times.
  • Supply counts are checked every 10 seconds.